 Dungeon Crawl Stone Soup version 0.30.0-19-gbf45117a57 (webtiles) character file.

Game seed: 11285318470414359956

976 qw the Chopper (level 8, -8/49 HPs)
             Began as a Gargoyle Fighter on May 24, 2023.
             Mangled by an ogre
             ... wielding a +0 giant spiked club
              (15 damage)
             ... on level 5 of the Dungeon.
             The game lasted 00:01:43 (3567 turns).

qw the Chopper (Gargoyle Fighter)                   Turns: 3567, Time: 00:01:43

Health: -8/49      AC: 21    Str: 21    XL:     8   Next: 16%
Magic:  8/8        EV:  6    Int: 10    God:
Gold:   8          SH:  4    Dex:  9    Spells: 7/7 levels left

rFire   . . .        Y - +4 war axe
rCold   . . .        c - +0 buckler
rNeg    + . .        e - +1 plate armour
rPois   inf          (no helmet)
rElec   +            (no cloak)
rCorr   .            (no gloves)
SInv    .            k - +2 pair of boots
Will    .....        (no amulet) Stlth
                     (no ring)
HPRegen 0.28/turn    (no ring)
MPRegen 0.11/turn

%: no passive effects
@: about to teleport
A: sickness immunity, AC +5, negative energy resistance 1, electricity
resistance, torment resistance 1, petrification resistance
a: no special abilities


You were on level 5 of the Dungeon.
You visited 1 branch of the dungeon, and saw 5 of its levels.

You collected 173 gold pieces.
You spent 165 gold pieces at shops.


Innate Abilities, Weirdness & Mutations

You are immune to sickness and miasma.
Your stone body is resilient. (AC +5)
You are immune to poison.
You resist negative energy. (rN+)
You are resistant to electric shocks. (rElec)
You are resistant to unholy torment.
You are immune to petrification.


   Skills:
 - Level 5.0 Fighting
 + Level 7.0 Axes
 - Level 1.0 Throwing
 - Level 4.4 Armour
 - Level 2.0 Dodging
 - Level 3.2 Shields


You had 7 spell levels left.
You didn't know any spells.
Your spell library was empty.

Inventory:

Hand Weapons
 p - a +1 flail of protection
 Y - a +4 war axe (weapon)
Missiles
 g - 6 boomerangs (quivered)
Armour
 c - a +0 buckler (worn)
 e - a +1 plate armour (worn)
 k - a +2 pair of boots (worn)
Scrolls
 f - 2 scrolls of identify
 j - a scroll of noise {unknown}
Potions
 a - 2 potions of curing
 b - a potion of heal wounds {unknown}
 d - a potion of might
 h - a potion of cancellation {unknown}
 i - 2 potions of haste
 m - a potion of lignification

Dungeon Overview and Level Annotations

Branches:
Dungeon (5/15)
 Temple: D:4-7

Altars:
Hepliaklqana

Shops:
D:2 (   D:5 :*


Message History

f - 2 scrolls of identify (gained 1) Thank you for shopping at Tulaossu's General Store!
You can access your shopping list by pressing '$'.
3478 ||| SHOPLISTING scroll of teleportation (33 gold, have 8).
You can access your shopping list by pressing '$'.
i - 2 potions of haste (gained 1)
There is an entrance to Tulaossu's General Store here.
You open the door.
There is an open door here.
There is an entrance to Ifyxecwa's Book Emporium here.
There is an open door here.
j - a scroll labelled GUED HEBIALO An ogre comes into view.
It is wielding a +0 giant spiked club.
The ogre shouts!
You throw a boomerang. The boomerang barely misses the ogre.
You throw a boomerang. The boomerang barely misses the ogre.
You barely miss the ogre. The ogre hits you but does no damage.
You barely miss the ogre. You barely miss the ogre.
The ogre hits you with a +0 giant spiked club!
You hit the ogre.
The ogre is moderately wounded.
The ogre hits you but does no damage.
You hit the ogre.
The ogre is moderately wounded.
The ogre hits you with a +0 giant spiked club!
You hit the ogre.
The ogre is moderately wounded.
You block the ogre's attack.
You hit the ogre but do no damage.
The ogre is moderately wounded.
You barely miss the ogre.
The ogre is moderately wounded.
The ogre hits you with a +0 giant spiked club!!
3567 ||| READING scroll of teleportation.
As you read the scroll of teleportation, it crumbles to dust.
You feel strangely unstable.
The ogre hits you with a +0 giant spiked club!
You die...

##.###.)##[#
#.# ##.<..#
#.# #..###
#.# #..# #.#
#..# #.#
#..### #.#
#....## #.#
#..#..###
#.#
#.###..@#
#.# #.#
###O...# #.#
##.#
#.##.....
#.###..# #.#
....
#.#...## #..
... #.#.###
... ..
##.#.###
...# #
#......#
....
#.#..#.#


You could see an ogre.

Vanquished Creatures
  Sigmund (D:4)
  A water moccasin (D:5)
  A phantom (D:4)
  2 jellies (D:4)
  5 orc priests
  A hound (D:4)
  Jessica (D:3)
  4 iguanas
  4 orc wizards
  7 gnolls
  An adder (D:2)
  An ufetubus (D:4)
  2 worms (D:2)
  3 dart slugs
  12 orcs
  12 endoplasms
  A giant cockroach (D:4)
  10 hobgoblins
  3 quokkas
  8 ball pythons
  7 bats
  4 frilled lizards
  2 goblins
  6 kobolds
  6 rats
105 creatures vanquished.

Notes
Turn   | Place    | Note
-------+----------+-------------------------------------------
     0 | D:1      | qw the Gargoyle Fighter began the quest for the Orb.
     0 | D:1      | Reached XP level 1. HP: 14/14 MP: 1/1
     0 | D:1      | 0 ||| qw: Version: 0.2-a-98-g5d7165a
     0 | D:1      | 0 ||| qw: Game counter: 54
     0 | D:1      | 0 ||| qw: Always use a shield: true
     0 | D:1      | 0 ||| qw: God list: Okawaru
     0 | D:1      | 0 ||| qw: Allow faded altars: false
     0 | D:1      | 0 ||| qw: Do Orc after D:15 true
     0 | D:1      | 0 ||| qw: Do second Lair branch before Depths: true
     0 | D:1      | 0 ||| qw: Lair rune preference: random
     0 | D:1      | 0 ||| qw: Plans: Normal, Zot:1-4, God:TSO, Crypt, Tomb,
                  | Pan, Slime:5, Hells, Abyss, Win
     0 | D:1      | 0 ||| PLANNING D:1-11
    52 | D:1      | Reached skill level 2 in Axes
    91 | D:1      | 91 ||| DROPPING +0 whip.
   142 | D:1      | Reached XP level 2. HP: 16/19 MP: 2/2
   435 | D:1      | Reached skill level 3 in Axes
   443 | D:1      | Reached XP level 3. HP: 23/23 MP: 3/3
   443 | D:1      | 443 ||| DROPPING +3 mace.
   768 | D:1      | 768 ||| UPGRADING to +1 pair of boots.
   773 | D:1      | 773 ||| READING 2 scrolls labelled ABLESCH TUSHRUKU.
   774 | D:1      | 774 ||| READING scroll of enchant weapon.
   774 | D:1      | 774 ||| ENCHANTING +1 war axe.
   775 | D:1      | 775 ||| READING 2 scrolls labelled OKHLAN GEDDA.
   776 | D:1      | 776 ||| READING scroll of enchant armour.
   776 | D:1      | 776 ||| ENCHANTING +1 pair of boots.
   777 | D:1      | 777 ||| READING scroll labelled NIKEUMEQAN.
   780 | D:1      | 780 ||| READING scroll labelled ARINIE QOUPS.
   867 | D:2      | 867 ||| READING scroll of enchant weapon.
   867 | D:2      | 867 ||| ENCHANTING +2 war axe.
   924 | D:2      | Reached skill level 1 in Throwing
  1136 | D:2      | 1136 ||| READING scroll of enchant weapon.
  1136 | D:2      | 1136 ||| ENCHANTING +3 war axe.
  1206 | D:2      | Found Plog's Antique Weapon Shop.
  1219 | D:2      | 1219 ||| SHOPLISTING glowing broad axe (175 gold, have 57).
  1228 | D:2      | 1228 ||| Stepping ~*~*~tactically~*~*~ (hiding).
  1233 | D:2      | 1233 ||| Stepping ~*~*~tactically~*~*~ (hiding).
  1237 | D:2      | Reached XP level 4. HP: 28/28 MP: 4/4
  1339 | D:2      | 1339 ||| Stepping ~*~*~tactically~*~*~ (stealth).
  1385 | D:2      | 1385 ||| UPGRADING to +0 plate armour.
  1395 | D:2      | 1395 ||| DROPPING +0 scale mail.
  1396 | D:2      | 1396 ||| READING scroll labelled NUSUON QOARALU.
  1420 | D:3      | 1420 ||| Stepping ~*~*~tactically~*~*~ (stealth).
  1421 | D:3      | 1421 ||| Stepping ~*~*~tactically~*~*~ (stealth).
  1422 | D:3      | 1422 ||| Stepping ~*~*~tactically~*~*~ (stealth).
  1524 | D:3      | Noticed Jessica
  1528 | D:3      | Killed Jessica
  1529 | D:3      | Reached skill level 4 in Axes
  1592 | D:3      | 1592 ||| Stepping ~*~*~tactically~*~*~ (hiding).
  1607 | D:3      | Reached XP level 5. HP: 16/32 MP: 5/5
  1847 | D:3      | Reached skill level 5 in Axes
  2056 | D:4      | 2056 ||| STAIRDANCE
  2058 | D:3      | HP: 7/32 [iguana (11)]
  2207 | D:4      | Reached XP level 6. HP: 38/38 MP: 6/6
  2349 | D:4      | 2349 ||| Stepping ~*~*~tactically~*~*~ (hiding).
  2506 | D:4      | Noticed Sigmund
  2522 | D:4      | Killed Sigmund
  2523 | D:4      | Reached skill level 6 in Axes
  2523 | D:4      | Reached XP level 7. HP: 33/43 MP: 7/7
  2593 | D:4      | 2593 ||| Stepping ~*~*~tactically~*~*~ (hiding).
  2599 | D:4      | 2599 ||| Stepping ~*~*~tactically~*~*~ (stealth).
  2726 | D:4      | Found a hazy altar of Hepliaklqana.
  2812 | D:4      | 2812 ||| Stepping ~*~*~tactically~*~*~ (hiding).
  2813 | D:4      | 2813 ||| Stepping ~*~*~tactically~*~*~ (hiding).
  2814 | D:4      | 2814 ||| Stepping ~*~*~tactically~*~*~ (hiding).
  2961 | D:4      | 2961 ||| Stepping ~*~*~tactically~*~*~ (stealth).
  3079 | D:4      | 3079 ||| Stepping ~*~*~tactically~*~*~ (hiding).
  3127 | D:4      | 3127 ||| DROPPING +0 flail.
  3150 | D:4      | 3150 ||| READING scroll of enchant armour.
  3150 | D:4      | 3150 ||| ENCHANTING +0 plate armour.
  3334 | D:4      | Reached skill level 7 in Axes
  3342 | D:4      | 3342 ||| DROPPING ring of flight.
  3343 | D:4      | 3343 ||| READING scroll labelled BEIFEI HOEN.
  3344 | D:4      | 3344 ||| DRINKING 2 clear potions.
  3379 | D:5      | Entered Level 5 of the Dungeon
  3382 | D:5      | 3382 ||| Stepping ~*~*~tactically~*~*~ (hiding).
  3400 | D:5      | Reached XP level 8. HP: 41/49 MP: 8/8
  3449 | D:5      | 3449 ||| Stepping ~*~*~tactically~*~*~ (stealth).
  3467 | D:5      | Found Tulaossu's General Store.
  3478 | D:5      | 3478 ||| BUYING potion of curing (33 gold).
  3478 | D:5      | Bought a potion of curing for 33 gold pieces
  3478 | D:5      | 3478 ||| BUYING potion of haste (110 gold).
  3478 | D:5      | Bought a potion of haste for 110 gold pieces
  3478 | D:5      | 3478 ||| SHOPLISTING scroll of enchant armour (82 gold,
                  | have 30).
  3478 | D:5      | 3478 ||| BUYING scroll of identify (22 gold).
  3478 | D:5      | Bought a scroll of identify for 22 gold pieces
  3478 | D:5      | 3478 ||| SHOPLISTING scroll of teleportation (33 gold, have
                  | 8).
  3503 | D:5      | Found Ifyxecwa's Book Emporium.
  3566 | D:5      | HP: 7/49 [ogre/+0 giant spiked club (23)]
  3567 | D:5      | 3567 ||| READING scroll of teleportation.
  3567 | D:5      | Mangled by an ogre

Levels and vault maps discovered:
D:1:      amcnicky_arrival_feature_with_door, layout_basic,
          minmay_strange_pillars, st_stairs_12
D:2:      layout_basic, serial_shops, shop
D:3:      layout_basic, uniq_jessica
D:4:      layout_basic, mainiacjoe_overflow_chevrons, uniq_sigmund
D:5:      layout_rooms, fiery_altar_vehumet, serial_shops, shop, shop,
          kennysheep_mini_moat, shop, nicolae_lakefront_shop,
          kennysheep_nondescript, minmay_misc_feat_diagonals

Skill      XL: |  1  2  3  4  5  6  7  8 |
---------------+-------------------------+-----
Axes           | 2 3 4 5 6 7 |  7.0
Throwing       | 1 |  1.0
Fighting       | 4 5 |  5.0
Armour         | 4 |  4.4
Dodging        | 2 |  2.0
Shields        | |  3.2

Action                     |  1- 3 |  4- 6 |  7- 9 || total
---------------------------+-------+-------+-------++-------
  Melee: War axe           |    92 |    73 |    76 ||   241
  Throw: Javelin           |    26 |    30 |     9 ||    65
         Boomerang         |       |     1 |    15 ||    16
    Use: Scroll            |     8 |     1 |     3 ||    12
         Potion            |       |       |     1 ||     1
 Armour: Scale mail        |    45 |       |       ||    45
         Plate armour      |       |    70 |    50 ||   120
  Dodge: Dodged            |    32 |    21 |    13 ||    66
  Block: Buckler           |    15 |    17 |     7 ||    39

Table legend:
 A = Non-vault XP
 B = Vault XP
 C = Vault XP percentage of total XP
 D = Non-vault monster count
 E = Vault monster count
 F = Vault count percentage of total count
                 A         B        C        D         E       F
            +---------+---------+-------+---------+---------+-------
      Total |    1142 |     253 |  18.1 |     101 |       4 |   3.8
            +---------+---------+-------+---------+---------+-------
        D:1 |      39 |       2 |   4.9 |      23 |       2 |   8.0
        D:2 |      47 |       0 |   0.0 |      17 |       0 |   0.0
        D:3 |     190 |      37 |  16.3 |      24 |       1 |   4.0
        D:4 |     566 |     214 |  27.4 |      29 |       1 |   3.3
        D:5 |     300 |       0 |   0.0 |       8 |       0 |   0.0
            +---------+---------+-------+---------+---------+-------
